 Dungeon Crawl Stone Soup version 0.29-a0-416-g83a48905f1 (webtiles) character file.

Game seed: 17968707454256970312

5 jlumianski the Skirmisher (level 1, 0/18 HPs)
             Began as a Demonspawn Fighter on May 16, 2022.
             Slain by a hobgoblin (1 damage)
             ... on level 2 of the Dungeon.
             The game lasted 00:00:23 (33 turns).

jlumianski the Skirmisher (Demonspawn Fighter)        Turns: 33, Time: 00:00:24

Health: 0/18       AC:  6    Str: 16    XL:     1   Next: 66%
Magic:  1/1        EV:  8    Int:  9    God:
Gold:   0          SH:  4    Dex: 12    Spells: 0/0 levels left

rFire   . . .      SeeInvis .   a - +0 war axe
rCold   . . .      Faith    .   c - +0 buckler
rNeg    . . .      Spirit   .   b - +0 scale mail
rPois   .          Reflect  .   (no helmet)
rElec   .          Harm     .   (no cloak)
rCorr   .          Rampage  .   (no gloves)
Will    .....                   (no boots)
Stlth   ..........              (no amulet)
HPRegen 0.06/turn               (no ring)
MPRegen 0.07/turn               (no ring)

@: no status effects
A: no striking features
a: no special abilities


You were on level 2 of the Dungeon.
You visited 1 branch of the dungeon, and saw 2 of its levels.

Inventory:

Hand Weapons
 a - a +0 war axe (weapon)
Armour
 b - a +0 scale mail (worn)
 c - a +0 buckler (worn)
Jewellery
 e - a ring of fire
Potions
 d - a potion of might


   Skills:
 + Level 3.1 Fighting
 + Level 1.8 Axes
 + Level 2.8 Armour
 + Level 2.7 Shields


You couldn't memorise any spells.
You didn't know any spells.
Your spell library was empty.

Dungeon Overview and Level Annotations

Branches:
Dungeon (1/15)

Altars:


Message History

The ball python hisses angrily.
The goblin hits you with a +0 club.
A goblin comes into view. It is wielding a +0 dagger.
You miss the goblin.
The goblin shouts!
You hear a shout! x2
You block the goblin's attack.
A hobgoblin comes into view.
The goblin hits you with a +0 club.
You closely miss the goblin.
The hobgoblin shouts!
You hear a shout!
The goblin hits you with a +0 club.
You slash the goblin!
You kill the goblin!
You block the giant cockroach's attack.
You hit the giant cockroach.
You kill the giant cockroach!
The ball python closely misses you. x2
You slash the ball python!
You kill the ball python!
You hit the goblin but do no damage.
The goblin hits you but does no damage. x2
You closely miss the goblin. The goblin hits you but does no damage.
You hit the goblin.
You kill the goblin!
The hobgoblin closely misses you.
You closely miss the hobgoblin.
The hobgoblin hits you but does no damage.
You closely miss the hobgoblin. The hobgoblin hits you.
* * * LOW HITPOINT WARNING * * *
The hobgoblin hits you but does no damage.
You barely miss the hobgoblin. The hobgoblin hits you.
* * * LOW HITPOINT WARNING * * *
You barely miss the hobgoblin. The hobgoblin barely misses you.
The hobgoblin hits you.
* * * LOW HITPOINT WARNING * * *
You barely miss the hobgoblin.
The hobgoblin hits you but does no damage.
You hit the hobgoblin.
The hobgoblin is moderately wounded.
The hobgoblin hits you.
You die...

####. ....
.#.# ..# ..#
#### #!# ...
#g# ..#
#@####.###
#........#
##.......#
####......#.
#..†........
#.##.....!.#
#.##.......#
..##.......#
######....###


You could see a hobgoblin.

Vanquished Creatures
  A giant cockroach (D:2)
  2 goblins (D:2)
  A ball python (D:2)
  A rat (D:2)
5 creatures vanquished.

Notes
Turn   | Place    | Note
-------+----------+-------------------------------------------
     0 | D:1      | jlumianski the Demonspawn Fighter began the quest for the
                  | Orb.
     0 | D:1      | Reached XP level 1. HP: 18/18 MP: 1/1
     3 | D:1      | You fall into a shaft and drop 1 floor!
    33 | D:2      | Slain by a hobgoblin

Illustrated notes

Levels and vault maps discovered:
D:1:      ncdulo_lavacross, layout_loops_cross
D:2:      layout_rooms, uniq_robin

Action                   || total
-------------------------++-------
Melee: War axe           ||    17
Armor: Scale mail        ||     7
Dodge: Dodged            ||     5
Block: Buckler           ||     2

Table legend: (Time is in decaauts)
 A = Elapsed time spent in this place.
 B = Non-inter-level travel time spent in this place.
 C = Inter-level travel time spent in this place.
 D = Time resting spent in this place.
 E = Time spent auto-exploring this place.
 F = Levels seen in this place.
 G = Mean time per level.
                   A        B        C        D        E       F      G
               +--------+--------+--------+--------+--------+-----+--------+
         Total |     40 |     40 |      0 |      0 |      2 |   2 |   20.0 |
       Dungeon |     40 |     40 |      0 |      0 |      2 |   2 |   20.0 |
               +--------+--------+--------+--------+--------+-----+--------+

Top non-repeatable levels by time:
     D:2: 37 daAuts
     D:1: 3 daAuts
